Workbook

Sheet PUBLIKASI SEPT 2025
A1: PT. BPR SYARI'AH TULEN AMANAH
A2: JL. RAYA PAOKMOTONG NO 34 DANGER MASBAGIK LOTIM NTB
A3: TELP ( 0376) 631376 FAX ( 0376 ) 621376
A6: NERACA | F6: PERHITUNGAN LABA-RUGI | J6: LAPORAN KOMITMEN DAN KONTINJENSI
A7: BANK SYARIAH TULEN AMANAH | F7: BANK SYARIAH TULEN AMANAH | J7: BANK SYARIAH TULEN AMANAH
A8: Periode Sept 2025 dan Sept 2024 | F8: Periode Sept 2025 dan Sept 2024 | J8: Periode Sept 2025 dan Sept 2024
D9: (dalam ribuan rupiah ) | H9: ( dalam ribuan rupiah) | L9: ( dalam ribuan rupiah)
B10: POS-POS | C10: POSISI | F10: POS-POS | G10: POSISI | J10: POS-POS | K10: POSISI
C11: 45930 | D11: 45565 | G11: 45930 | H11: 45565 | K11: 45930 | L11: 45565
B13: AKTIVA | F13: PENDAPATAN OPERASIONAL | G13: =G14+G18 -> 6395304.1 | H13: =H14+H18 -> 8193422 | J13: TAGIHAN KOMITMEN
A14: 1 | B14: Kas | C14: =neraca!C2/1000 -> 95342.5 | D14: 271934 | F14: 1. Pendapatan Operasional dari penyaluran Dana | G14: =G15+G17 -> 5780415.4 | H14: =H15+H17 -> 7218050 | J14: a. Fasilitas pembiayaan yang diterima | K14: 0 | L14: 0
A15: 2 | B15: Penempatan Pada Bank Indonesia | C15: 0 | D15: 0 | F15: a. Pendapatan dari Pihak Ketiga Bukan Bank | G15: =(5395590462-291140734)/1000 -> 5104449.7 | H15: =6107859+710682 -> 6818541 | J15: b. Lainnya | K15: 0 | L15: 0
A16: 3 | B16: Penempatan pada Bank Lain | C16: =neraca!C31/1000 -> 22629108 | D16: =(181375808+14123296854+4800000000)/1000 -> 19104673 | F16: b. Pendapatan dari Bank Indonesia | G16: 0 | H16: 0
A17: 4 | B17: Piutang Murabahah | C17: =neraca!C39/1000 -> 17693872 | D17: =(44188937262-13692946505)/1000 -> 30495991 | F17: c. Pendapatan dari Bank Lain | G17: =(1291174+674674487)/1000 -> 675965.66 | H17: =590+359360+39559 -> 399509 | J17: KONTINJENSI
A18: 5 | B18: Piutang Salam | C18: 0 | D18: 0 | F18: 2. Pendapatan Operasional Lainnya | G18: =(3644400+432069159+179175120)/1000 -> 614888.68 | H18: =3132+549173+423067 -> 975372 | J18: a. Pendapatan Margin dalam penyelesaian | K18: =1810309762/1000 -> 1810309.8 | L18: 1657885
A19: 6 | B19: Piutang Istishna | C19: 0 | D19: 0 | F19: BAGI HASIL BAGI PEMILIK DANA -/- | G19: =G21+G22+G23+G25 -> 2173868.1 | H19: =H21+H22+H23+H25 -> 2321251 | J19: b. Aktiva Produktif yang di Hapusbuku | K19: =4781879332/1000 -> 4781879.3 | L19: 4875356
A20: 7 | B20: Pembiayaan Mudharabah | C20: 0 | D20: 0 | F20: 1. Pihak Ketiga Bukan Bank
A21: 8 | B21: Pembiayaan Musyarakah | C21: =neraca!C43/1000 -> 9915139.3 | D21: =1518778709/1000 -> 1518778.7 | F21: a. Tabungan Mudharabah | G21: =506176812/1000 -> 506176.81 | H21: 491637
A22: 9 | B22: Ijarah | C22: =neraca!C52/1000 -> 9416076.6 | D22: =(11019472228-2179097775)/1000 -> 8840374.5 | F22: b. Deposito Mudharabah | G22: =1639239966/1000 -> 1639240 | H22: 1673195
A23: 10 | B23: Qard | C23: 0 | D23: 0 | F23: c. Lainnya | G23: 0 | H23: 0 | J23: CAR | L23: 0.309
A24: 11 | B24: Penyisihan Ph.aktiva Produktif-/- | C24: =-neraca!C60/1000 -> 867010.29 | D24: =(782030881+7159447)/1000 -> 789190.33 | F24: 2. Bank Indonesia | G24: 0 | H24: 0 | J24: FDR | L24: 0.7756
A25: 12 | B25: Agunan yang di ambil alih | C25: 0 | D25: 343775 | F25: 3. Bank- Bank Lain | G25: =28451275/1000 -> 28451.275 | H25: 156419 | J25: NPF | L25: 0.1712
A26: 13 | B26: Persediaan | C26: 0 | D26: 0 | J26: NIM | L26: 0.0633
A27: 14 | B27: Aktiva Tetap dan Inventaris | C27: =neraca!C72/1000 -> 6442809.7 | D27: =(1400000000+3585636351+1506851899)/1000 -> 6492488.2 | F27: PENDAPATAN OPERASIONAL SETELAH | G27: =G13-G19 -> 4221436 | H27: =H13-H19 -> 5872171 | J27: ROA | L27: 0.015
A28: 15 | B28: Akumulasi ph.Aktiva Tetap -/- | C28: =-neraca!C83/1000 -> 1954299.4 | D28: =(72400563+836721078+747487841)/1000 -> 1656609.5 | F28: DISTRIBUSI BAGI HASIL | J28: PPAP/PPAPWD | L28: 1
A29: 16 | B29: Aktiva Lain-lain | C29: =neraca!C109/1000 -> 655911.17 | D29: =(265236465+109090500+2750000+33475704+711012299)/1000 -> 1121565 | J29: BOPO | L29: 0.8792
F30: BEBAN OPERASIONAL | G30: =SUM(G31:G38) -> 3465958.5 | H30: =SUM(H31:H38) -> 4356751 | J30: CASH RATIO | L30: 0.2339
B31: JUMLAH | C31: =C14+C16+C17+C21+C22-C24+C25+C27-C28+C29 -> 64026949 | D31: =D14+D16+D17+D21+D22-D24+D25+D27-D28+D29 -> 65743779 | F31: 1. Beban PPAP | G31: =(170326744+36256053+15207924+42147497)/1000 -> 263938.22 | H31: =27948+83591 -> 111539
F32: 2. Beban Penyusutan Aset Tetap | G32: =179087241/1000 -> 179087.24 | H32: 238120
B33: KEWAJIBAN DAN EKUITAS | F33: 3. Beban Premi | G33: =(85721588+26832130)/1000 -> 112553.72 | H33: =79203+11402 -> 90605
F34: 4. Beban Amortisasi | G34: =12487500/1000 -> 12487.5 | H34: 29476
F35: 5. Beban Sewa | G35: 688 | H35: 6187
A36: 1 | B36: Kewajiban Segera | C36: =neraca!F24/1000 -> 465271.74 | D36: =(236659199+205654534+5689642+7358122)/1000 -> 455361.5 | F36: 6. Beban Personalia | G36: =(1801880233+304650192+208414395)/1000 -> 2314944.8 | H36: =2417746+304659+163036 -> 2885441
A37: 2 | B37: Dana Investasi Tidak Terikat | F37: 7. Beban Promosi | G37: =28289000/1000 -> 28289 | H37: 25308 | J37: Paokmotong, 13 Oktober 2025
B38: a. Tabungan Mudharabah | C38: =neraca!J8/1000 -> 18971091 | D38: =17403091599/1000 -> 17403092 | F38: 8. Beban Umum dan Administrasi | G38: =223932+330038 -> 553970 | H38: =268572+701503 -> 970075 | J38: PT. BPR SYARIAH TULEN AMANAH
B39: b. Tabungan Wadi'ah | C39: =neraca!J13/1000 -> 1422275.1 | D39: =751068627/1000 -> 751068.63
B40: c. Deposito Mudharabah | C40: =neraca!J20/1000 -> 32045000 | D40: =34510550000/1000 -> 34510550
A41: 3 | B41: Kewajiban Pada Bank Lain | C41: =neraca!J36/1000 -> 99807.563 | D41: =1052042038/1000 -> 1052042
A42: 4 | B42: Kewajiban Lain -lain | C42: =neraca!F67/1000 -> 745627.26 | D42: =(106082712+422314088+300321912+333919357+1360000)/1000 -> 1163998.1 | F42: LABA ( RUGI) OPERASIONAL | G42: =G27-G30 -> 755477.52 | H42: =H27-H30 -> 1515420
A44: 5 | B44: Ekuitas | F44: PENDAPATAN NON OPERASIONAL | G44: =28619356/1000 -> 28619.356 | H44: =27280+2075 -> 29355
B45: a. Modal Disetor | C45: 8000000 | D45: 7600000 | F45: BEBAN NON OPERASIONAL | G45: =(7982800+26410000)/1000 -> 34392.8 | H45: =17781+9179 -> 26960
B46: b. Tambahan Modal Disetor | C46: 0 | D46: 0
B47: c. Cadangan | C47: =1620000 -> 1620000 | D47: 1520000 | F47: LABA ( RUGI ) SEBELUM ZAKAT DAN PAJAK | G47: =G42+G44-G45 -> 749704.07 | H47: =H42+H44-H45 -> 1517815
B48: d. Laba / Rugi Tahun Lalu | C48: 0 | D48: =103771758/1000 -> 103771.76 | F48: ZAKAT | G48: 0 | H48: 0 | J48: AHMAD, SE | K48: IVAN EROKA YULIADJI, S.Kom
B49: e. Saldo Laba ( Rugi ) | C49: =neraca!F74/1000 -> 657876.6 | D49: =1183895901/1000 -> 1183895.9 | F49: TAKSIRAN PAJAK PENGHASILAN | G49: =91826589/1000 -> 91826.589 | H49: 333919 | J49: Direktur Utama | K49: Direktur Kepatuhan dan Operasional
B50: JUMLAH | C50: =C36+C38+C39+C40+C41+C42+C45+C47+C48+C49 -> 64026949 | D50: =D36+D38+D39+D40+D41+D42+D45+D47+D48+D49 -> 65743779
F51: LABA ( RUGI ) TAHUN BERJALAN | G51: =G47-G48-G49 -> 657877.49 | H51: =H47-H49-H48 -> 1183896
B52: PENGURUS BANK | C52: PEMILIK BANK
D53: %
B54: DEWAN KOMISARIS | C54: 1.Ir. H. Anis Mujahid Akbar | D54: 26.25 | F54: KAP
B55: - Komisaris Utama : Ir.H. ANIS MUJAHID AKBAR | C55: 2.Drs H. L. Ayat, MM | D55: 11.5
B56: - Komisaris : L. M SUBUR SAID, SE | C56: 3. Sri Witari Anggreni | D56: 13 | F56: Nama KAP
C57: 4. Hj. Rima Hendri BS, SE | D57: 12 | F57: Auditor yang menandatangani
B58: DIREKSI | C58: 5. Anas Amrullah | D58: 6.25 | F58: Tanggal Opini
B59: - Direktur Utama : A H M A D, SE | C59: 6. Drs. H.Ayip Rosidi, SH.MM | D59: 9.13 | F59: Opini Audit
B60: - Direktur : IVAN EROKA YULIADJI, S.Kom | C60: 7. TGH .Ishak Abdul Gani, Lc | D60: 7.5
C61: 8. Aryadi Putra Noviawan, SE | D61: 4.25
B62: DEWAN PENGAWAS SYARIAH | C62: 9. TGH.L. M. Thahir Badri | D62: 4.88
C63: 10. Ir. Endang Setyowati | D63: 3.38
B64: - TGH. Ishak Abdul Gani, Lc | C64: 11. Mustafa, SH | D64: 1.88
B65: - H. M.Yusron Azzahidi
C66: TOTAL | D66: =SUM(D54:D64) -> 100.02
B86: 39667508816 | D86: 12904384206
B87: 12927423133 | D87: 2.563035e+09
C88: 1614878709
B91: =B86-B87 -> 26740085683 | D91: =D86-D87 -> 1.0341349e+10
J94: 1209251319
C95: =B91+C88+D91 -> 3.8696314e+10 | F95: 1.4886309e+10 | H95: 1607464252 | J95: 2.260606e+10
H96: 2.2794263e+10 | J96: 34301350000
H97: 33698350000
F98: 1.5316505e+10 | J98: =SUM(J94:J96) -> 5.8116661e+10
C99: 3.9744866e+10 | H99: =SUM(H95:H97) -> 5.8100077e+10 | I99: =SUM(I95:I97) -> 0
J102: =J98-H99 -> 16583793
D103: ABA | F103: =F98-F95 -> 4.3019642e+08
B105: os | C105: =C99-C95 -> 1048552039
G115: 173431267
G116: 6731222
G118: =SUM(G115:G116) -> 180162489

Sheet neraca
B1: AKTIVA | E1: PASIVA
B2: KAS | C2: 95342500
A3: ABA | C3: Nominal | E3: Kewajiban segera | F3: Nominal | H3: Tabungan Mudharabah | J3: Nominal
A4: Giro pada Bank Lain | E4: Titipan Jasa Notaris | F4: 49002500 | H4: - | I4: Tabungan Mudharabah Umum | J4: 18801564697
A5: - | B5: Giro Bank Muamalat Indonesia | C5: 0 | E5: PPh Pasal 4 Ayat 2 | F5: =33259580+8858809 -> 42118389 | H5: - | I5: Tabungan Al-Hajj | J5: 55356254
B6: Giro Bank Mega Syariah | C6: 82734647 | E6: Titipan BPIU Karyawan | F6: 163162561 | H6: - | I6: Tabungan Qurban | J6: 15453231
B7: Giro Bank Panin Dubai Syariah | C7: 6295147 | E7: PPh 21 | F7: 8000000 | H7: - | I7: Tabungan Ukhuwah | J7: 98716990
B8: Giro Bank Permata Syariah | C8: 93015651 | E8: PPh Pasal 25 | J8: =SUM(J4:J7) -> 18971091172
B9: Giro Bank Danamon Syariah | C9: 60204262 | E9: Titipan PPh Final Deviden | F9: 13158
C10: =SUM(C5:C9) -> 242249707 | E10: Titipan Premi Jasindo | F10: 10052925 | H10: Tabungan Wadiah
A11: Tabungan pada Bank Lain | E11: Iuran BPJS Ketenagakerjaan & Kesehatan | F11: 6641489 | H11: - | I11: Non Bank | J11: 1422275085
A12: - | B12: Tabungan Bank NTB Syariah | C12: 2535248901 | E12: Titipan PPh 23 | F12: 0 | H12: - | I12: Tabungan Pembiayaan | J12: 0
A13: - | B13: Tabungan Bank Syariah Indonesia | C13: 508924235 | E13: Titipan Premi Asuransi Jamkrida | F13: 15340000 | J13: =SUM(J11:J12) -> 1422275085
B14: Tabungan Bank Permata Syariah | C14: 2649184110 | E14: Titipan Basil Dep. 3 bulan | F14: 0
B15: Tabungan Bank Muamalat | C15: 2722000404 | E15: Titipan Basil Dep. 6 bulan | F15: 0 | H15: Deposito Mudharabah
B16: Tabungan Bank Mega Syariah | C16: 0 | E16: Titipan Basil Dep. 12 bulan | F16: 0 | H16: - | I16: Berjangka Waktu 3 Bulan | J16: 5204000000
B17: Tabungan Bank Panin Dubai Syariah | C17: 3084609285 | E17: Titipan Basil Dep 6 bulan ABP | F17: 6542308 | H17: - | I17: Berjangka Waktu 6 Bulan | J17: 4440900000
A18: - | B18: Tabungan Bank Panin Dubai Syariah Bisnis | C18: 157369493 | E18: Titipan Uang Muka AYDA | F18: 0 | H18: - | I18: Berjangka Waktu 12 Bulan | J18: 22400100000
A19: - | B19: Tabungan BPRS HIK Parahyangan | C19: 280172379 | E19: Basil YMHD Deposito ABP | F19: 0
B20: Tabungan BPRS Dinar Ashri | C20: 149349822 | E20: Basil YMHD Dep. Mudh 3 bulan | F20: 25577625 | J20: =SUM(J16:J18) -> 32045000000
C21: =SUM(C12:C20) -> 12086858629 | E21: Basil YMHD Dep. Mudh 6 bulan | F21: 22530995
A22: Deposito Mudharabah | E22: Basil YMHD Dep. Mudh 12 bulan | F22: 116289790
A23: - | B23: Deposito PT Bank Muamalat Indonesia | C23: 5000000000
A24: - | B24: Deposito PT BPRS Patuh Beramal | C24: 800000000 | F24: =SUM(F4:F22) -> 465271740 | I24: kewajiban pada bank lain | J24: Nominal
A25: - | B25: Deposito PT BPRS Artha Madani | C25: 1000000000 | H25: - | I25: Tabungan Mudharabah | J25: 0
A26: - | B26: Deposito PT Bank Danamon Syariah | C26: 0 | H26: - | I26: Tabungan Mudharabah Umum | J26: 99807563
A27: - | B27: Deposito Bank Panin Dubai Syariah | C27: 2000000000 | E27: Kewajban lain-lain | F27: Nominal | I27: Tabungan Al-Hajj | J27: 0
A28: - | B28: Deposito PT BPRS Dinar Ashri | C28: 1500000000 | E28: Dana Zakat | F28: 0 | I28: Tabungan Qurban | J28: 0
C29: =SUM(C23:C28) -> 10300000000 | E29: Dana Infaq | F29: 0 | J29: =SUM(J25:J28) -> 99807563
E30: Sadaqoh | F30: 0 | I30: Deposito Mudharabah | J30: 0
B31: Total ABA | C31: =C29+C21+C10 -> 22629108336 | E31: Infaq dan Shodaqoh | F31: 0 | I31: Berjangka Waktu 3 Bulan
E32: Titipan Dana Kebajikan | F32: 35940163 | I32: Berjangka Waktu 6 Bulan | J32: 0
E33: Taksiran Pajak Penghasilan/PPh | F33: 0 | I33: Berjangka Waktu 12 Bulan | J33: 0
A34: Piutang Murabahah | C34: OS | E34: Titipan Lancar lainnya | F34: 20000 | J34: =SUM(J31:J33) -> 0
A35: - | B35: Piutang Murabahah | C35: 27415669086 | E35: Titipan Dana Lainnya | F35: 12088889
A36: - | B36: Pembiayaan Murabahah Jatuh Tempo | C36: 0 | E36: Titipan Fee MGP | F36: 120000 | I36: total kewajiban pada bank lain | J36: =J34+J29 -> 99807563
A37: - | B37: Margin Murabahah Yang Ditangguhkan | C37: -9721797519 | E37: Titipan Rekening Antara | F37: 37515833
E38: Pendapatan Adm Ditangguhkan | F38: 244406749
B39: Total | C39: =SUM(C35:C37) -> 17693871567 | E39: Cadangan Tantiem | F39: 50472380
E40: Cadangan Jasa Produksi | F40: 54678411
E41: Cadangan THR | F41: 0
A42: Pembiayaan Musyarakah | C42: OS | E42: Cadangan Biaya pendidikan | F42: 30628597
A43: - | B43: Pembiayaan iB Musyarakah | C43: 9915139266 | E43: Hutang Dividen | F43: 187929653
E44: Titipan Imbalan Kerja Karyawan | F44: 0
E45: Dana Pensiun Direksi dan Komisaris | F45: 0
A46: Ijarah | C46: OS | F46: =SUM(F28:F45) -> 653800675
A47: - | B47: Ijarah Muntahiya Bittamlik | C47: 12392545004
E48: Kewajiban Imbalan Kerja
A49: - | B49: Akumulasi Penyusutan Aset Ijarah | C49: -3797500768 | E49: Titipan Imbalan Kerja Karyawan | F49: 0
A50: - | B50: Margin Piutang Ijarah | C50: =22222224+798810117 -> 821032341 | F50: 0
E51: Dana Pensiun Direksi dan Komisaris | F51: 0
B52: Total | C52: =SUM(C47:C50) -> 9416076577 | F52: =SUM(F49:F51) -> 0
E54: Bagi Hasil Yang Belum Dibagikan
A55: PPAP | C55: Nominal | E55: Basil YMHD Dep. Mudh 3 bulan | F55: 0
A56: - | B56: Pembentukan PPAP/ Kelebihan PPAP ABA | C56: -51238615 | E56: Basil YMHD Dep. Mudh 6 bulan | F56: 0
B57: Murababah | C57: =-57627457-719464413 -> -777091870 | E57: Basil YMHD Dep. Mudh 12 bulan | F57: 0
B58: Musyarakah | C58: -38679804 | E58: Basil YMHD ABP | F58: 0
B59: Ijarah | C59: 0 | F59: =SUM(F55:F58) -> 0
B60: Total | C60: =SUM(C56:C59) -> -867010289
E61: Utang Pajak
E62: PPh Final Pasal 4 (2) | F62: 0
A63: Aset Tetap dan Inventaris | E63: Titipan Premi Asuransi Jasindo | F63: 0
A64: Harga perolehan | E64: PPh Pasal 21 | F64: 0
A65: - | B65: Tanah | C65: 1400000000 | E65: PPh Pasal 25 | F65: 91826589
A66: - | B66: Bangunan | C66: 3413860788
A67: - | B67: Kendaraan | C67: 744250000 | E67: Total kewajiban lain-lain | F67: =F46+F52+F59+F65 -> 745627264
A68: - | B68: Inventaris Peralatan Kantor | C68: 508692286
A69: - | B69: Inventaris Meubel | C69: 135034800
A70: - | B70: Peralatan Komputer | C70: 240971813
A71: - | B71: Aset Dalam Pelaksanaan | C71: 0 | J71: =1400000000+3413860788+1628948899 -> 6442809687
C72: =SUM(C65:C71) -> 6442809687
A74: Akumulasi penyusutan | E74: LABA/RUGI | F74: 657876604
A75: - | B75: Bangunan | C75: -1041743213
A77: - | B77: Kendaraan | C77: -268099474
A78: - | B78: Inventaris Peralatan Kantor | C78: -355245995
A80: - | B80: Inventaris Meubel | C80: -78452703
A81: - | B81: Peralatan Komputer | C81: -210758001
C83: =SUM(C75:C81) -> -1954299386
A86: Aset lain-lain
A87: Aset Tak Berwujud (Software)
A88: Harga perolehan
B89: Harga Perolehan | C89: 186966000
B90: Akumulasi Amortisasi | C90: -175866000
C91: =SUM(C89:C90) -> 11100000
A93: Aset Lain-Lain
A94: - | B94: Uang Muka Pajak | C94: =147379731-50000000 -> 97379731
A95: - | B95: BDD asuransi | C95: 29193275
A96: - | B96: Pendapatan Yang Akan Diterima | C96: 399340587
A97: - | B97: Titipan Ayda | C97: 0
A98: - | B98: UMB (BDD Lainnya) | C98: 68627578
A99: - | B99: Persediaan Materai | C99: 270000
A100: - | B100: Uang Muka PPh 25 (Pasal 28 A) | C100: 0
B101: Total | C101: =SUM(C94:C100) -> 594811171
A103: - | B103: Lainnya | C103: 0
A104: - | B104: BDD Biaya Virtual account | C104: 0
A105: - | B105: Iuran DPLK Karyawan | C105: 0
A106: - | B106: Angsuran Pajak Badan | C106: 50000000
B107: Total | C107: =SUM(C103:C106) -> 50000000
E108: 64026949
B109: total aset lain-lain | C109: =C91+C101+C107 -> 655911171 | E109: 64016949
...

Sheet Sheet1
B1: =242249707+12086858629+10300000000 -> 22629108336
